[Event "Titled Tuesday Blitz November 01 Early 2022"]
[White "Besedes, Danilo"]
[Black "Shipov, Sergei"]
[WhiteFideId "946796"]
[BlackFideId "4113624"]
[WhiteElo "2352"]
[BlackElo "2758"]
[Result "0-1"]
[Round "03"]
[TimeControl "180+1"]
[Date "2022.11.02"]
[WhiteClock "0:00:04"]
[BlackClock "0:00:13"]

1. Nf3 d5 2. g3 c6 3. Bg2 Bg4 4. h3 Bh5 5. d4 Nd7 6. O-O e6 7. c4 Ngf6 8. Nc3 Be7 9. Qb3 Qb6 10. c5 Qxb3 11. axb3 O-O 12. b4 a6 13. Bf4 Ne4 14. Rfe1 f5 15. Ne5 Nxe5 16. Bxe5 g5 17. f3 Nf6 18. e4 Rae8 19. exf5 exf5 20. g4 Bg6 21. Re2 Nd7 22. Bg3 Bf6 23. Bf2 f4 24. Rae1 Rxe2 25. Rxe2 Kf7 26. Bf1 Bd3 27. Re1 Bxf1 28. Kxf1 h5 29. Re2 Rh8 30. Kg2 Nf8 31. Na2 Ne6 32. Rd2 Ra8 33. Nc3 a5 34. b5 a4 35. Rd1 hxg4 36. hxg4 a3 37. bxc6 bxc6 38. bxa3 Rxa3 39. Ne2 Ra2 40. Kf1 Nc7 41. Rb1 Nb5 42. Rb3 Ra1+ 43. Kg2 Rd1 44. Rb4 Ke6 45. Ra4 Rd2 46. Kf1 Rxe2 47. Kxe2 Nc3+ 48. Kd3 Nxa4 49. Kc2 Nxc5 50. dxc5 d4 0-1


[Site "https://www.chess.com"]

[Event "Titled Tuesday Blitz November 01 Early 2022"]
[White "Biastoch, Bennet"]
[Black "Molina, Roberto Junio Brito"]
[WhiteFideId "12939889"]
[BlackFideId "2109450"]
[WhiteElo "2221"]
[BlackElo "2388"]
[Result "0-1"]
[Round "03"]
[TimeControl "180+1"]
[Date "2022.11.02"]
[WhiteClock "0:00:18"]
[BlackClock "0:00:18"]

1. e4 c6 2. Nc3 d5 3. Nf3 dxe4 4. Nxe4 Bg4 5. h3 Bxf3 6. Qxf3 Nd7 7. Bc4 Ne5 8. Qe2 Nxc4 9. Qxc4 Qd5 10. Qe2 e6 11. Nc3 Qd7 12. b3 Nf6 13. Bb2 Be7 14. O-O O-O 15. Rad1 Rad8 16. a4 Rfe8 17. Ne4 Nxe4 18. Qxe4 a6 19. Rfe1 Qd5 20. Qg4 Qg5 21. Re4 Qxg4 22. Rxg4 g6 23. d3 Rd5 24. Re4 Red8 25. Kf1 Bf8 26. f3 Bg7 27. Bxg7 Kxg7 28. Ke2 Kf6 29. Rf4+ Ke7 30. Re4 R8d7 31. Kf2 f5 32. Re2 Kf6 33. f4 e5 34. fxe5+ Rxe5 35. Rxe5 Kxe5 36. Re1+ Kf6 37. Kf3 Re7 38. Rd1 g5 39. d4 Re4 40. Rd2 Ke6 41. c4 Kd6 42. d5 Re5 43. dxc6+ Kxc6 44. Rd8 f4 45. Kg4 Re3 46. Kxg5 Rxb3 47. Kxf4 Rb4 48. g4 Rxc4+ 49. Kg5 Rxa4 50. Kh6 b5 51. Kxh7 b4 52. g5 b3 53. g6 Rh4+ 54. Kg7 Rxh3 55. Kf7 Rf3+ 56. Ke6 Rg3 57. Kf7 a5 58. Rb8 a4 59. g7 Kc5 60. g8=Q Rxg8 61. Kxg8 Kc4 62. Kf7 a3 63. Ke6 a2 64. Rc8+ Kd3 65. Ra8 b2 66. Rxa2 b1=Q 67. Ra5 Qb3+ 68. Kd6 Qb6+ 0-1


[Site "https://www.chess.com"]

[Event "Titled Tuesday Blitz November 01 Early 2022"]
[White "Bilan, Danila"]
[Black "Sailer, Mike"]
[WhiteFideId "24161918"]
[BlackFideId "2012901"]
[WhiteElo "2203"]
[BlackElo "2109"]
[Result "1/2-1/2"]
[Round "03"]
[TimeControl "180+1"]
[Date "2022.11.02"]
[WhiteClock "0:00:12"]
[BlackClock "0:00:09"]

1. d4 d5 2. Nf3 Bf5 3. c4 e6 4. Nc3 Nc6 5. a3 Nf6 6. Bg5 Be7 7. e3 h6 8. Bh4 Ne4 9. Bxe7 Nxe7 10. Rc1 O-O 11. Bd3 Nxc3 12. Rxc3 Bxd3 13. Qxd3 dxc4 14. Rxc4 Rc8 15. b4 Ng6 16. O-O Re8 17. Qe4 c6 18. Rc5 a6 19. Rfc1 Qd6 20. a4 Ra8 21. g3 Qe7 22. Kg2 Qf6 23. R1c2 Qe7 24. h4 Qf6 25. b5 axb5 26. axb5 Ne7 27. Ne5 Ra1 28. bxc6 bxc6 29. Nxc6 Nxc6 30. Rxc6 g6 31. Rc7 Rb8 32. Rc8+ Rxc8 33. Rxc8+ Kh7 34. Qc6 Ra2 35. Qf3 Qxf3+ 36. Kxf3 Kg7 37. Rc3 h5 38. e4 Kf6 39. Ke3 Ke7 40. Rc7+ Kf6 41. Rc6 Ke7 42. f3 Ra3+ 43. Kf4 Ra4 44. Ke3 Ra3+ 45. Ke2 Ra2+ 46. Ke1 Ra1+ 47. Kf2 Ra2+ 48. Ke3 Ra3+ 1/2-1/2


[Site "https://www.chess.com"]

[Event "Titled Tuesday Blitz November 01 Early 2022"]
[White "Blokhin, Sofia"]
[Black "Sanchez, Robert"]
[WhiteFideId "4508190"]
[BlackFideId "2034360"]
[WhiteElo "2005"]
[BlackElo "2399"]
[Result "0-1"]
[Round "03"]
[TimeControl "180+1"]
[Date "2022.11.02"]
[WhiteClock "0:00:03"]
[BlackClock "0:00:17"]

1. e4 e6 2. d4 d5 3. e5 c5 4. c3 Nc6 5. Nf3 Bd7 6. a3 f6 7. Bd3 Qc7 8. Qe2 O-O-O 9. O-O f5 10. b4 c4 11. Bc2 h6 12. a4 g5 13. a5 Nce7 14. Na3 Ng6 15. Bd2 g4 16. Ne1 h5 17. f4 h4 18. Qd1 Kb8 19. b5 Bxa3 20. Rxa3 Bxb5 21. Ra1 Nh6 22. Qb1 Bc6 23. Ba4 Rd7 24. Nc2 Ka8 25. Bb5 a6 26. Bxc6 Qxc6 27. Nb4 Qc7 28. Ra2 Nf7 29. Rb2 Nd8 30. Qc2 Nc6 31. Nxc6 Qxc6 32. Rfb1 Ne7 33. Rb6 Qc8 34. Qb2 Nc6 35. Be1 Rhh7 36. Bd2 Rc7 37. Be3 Nxa5 38. Qa3 Nb3 39. R1xb3 cxb3 40. Qxb3 Rxc3 41. Qa3 Rxa3 0-1


[Site "https://www.chess.com"]

[Event "Titled Tuesday Blitz November 01 Early 2022"]
[White "Bluebaum, Matthias"]
[Black "Bazeev, German"]
[WhiteFideId "24651516"]
[BlackFideId "24119350"]
[WhiteElo "2633"]
[BlackElo "2493"]
[Result "0-1"]
[Round "03"]
[TimeControl "180+1"]
[Date "2022.11.01"]
[WhiteClock "0:00:06"]
[BlackClock "0:00:16"]

1. d4 d6 2. Nf3 Bg4 3. e4 Nd7 4. c4 e5 5. d5 Be7 6. Nbd2 a5 7. Be2 Nc5 8. O-O Bxf3 9. Bxf3 Bg5 10. b3 h5 11. Qe2 g6 12. Rb1 Nf6 13. a3 b6 14. g3 h4 15. Bg2 hxg3 16. hxg3 Nh5 17. b4 axb4 18. axb4 Nd7 19. Nb3 Bxc1 20. Rfxc1 Qg5 21. c5 bxc5 22. bxc5 O-O 23. cxd6 cxd6 24. Rc6 Rfb8 25. Qd2 Qxd2 26. Nxd2 Rxb1+ 27. Nxb1 Ra1 28. Rc1 Nc5 29. Rd1 Nf6 30. f3 Nh5 31. Kh2 f5 32. Nc3 Rxd1 33. Nxd1 Kf7 34. Nc3 Nf6 35. Kh3 Nd3 36. Kh4 f4 37. Bf1 Ne1 38. Be2 fxg3 39. Kxg3 Nh5+ 40. Kg4 Ng2 41. Nb5 Ke7 42. Kg5 Nhf4 43. Bf1 Ne3 44. Be2 Nxe2 45. Kxg6 Nd4 46. Na7 Nxf3 47. Nc8+ Kd7 48. Nb6+ Kc7 49. Na4 Nd2 50. Nc3 Kb6 51. Kf6 Kc5 52. Ke6 Nec4 53. Kf5 Kd4 54. Nb5+ Kd3 55. Na7 Nxe4 56. Nc6 Nc3 57. Ne7 e4 58. Ke6 e3 59. Nf5 e2 0-1


[Site "https://www.chess.com"]

[Event "Titled Tuesday Blitz November 01 Early 2022"]
[White "Boruchovsky, Avital"]
[Black "Gurevich, Dmitry"]
[WhiteFideId "2800055"]
[BlackFideId "2000407"]
[WhiteElo "2466"]
[BlackElo "2506"]
[Result "1-0"]
[Round "03"]
[TimeControl "180+1"]
[Date "2022.11.01"]
[WhiteClock "0:00:43"]
[BlackClock "0:00:14"]

1. Nf3 Nf6 2. g3 d6 3. Bg2 g6 4. d4 Bg7 5. O-O O-O 6. c4 Nbd7 7. Nc3 e5 8. e3 Qe7 9. b3 Rb8 10. Ba3 a6 11. Rc1 b5 12. Nd5 Nxd5 13. cxd5 b4 14. Bb2 Nb6 15. dxe5 dxe5 16. e4 Bb7 17. Qc2 Rbc8 18. Qc5 Qd6 19. Rc2 f5 20. Ng5 Qxc5 21. Rxc5 fxe4 22. Ne6 Bxd5 23. Nxf8 Kxf8 24. Bh3 Rd8 25. Rxc7 Bg8 26. Rb7 Nd5 27. Rd1 Re8 28. Bg2 Nc3 29. Rdd7 Bh6 30. Rxb4 Nd5 31. Rbb7 Nf6 32. Ba3+ 1-0


[Site "https://www.chess.com"]

[Event "Titled Tuesday Blitz November 01 Early 2022"]
[White "Bryakin, Mikhail"]
[Black "Caruana, Fabiano"]
[WhiteFideId "4165314"]
[BlackFideId "2020009"]
[WhiteElo "2367"]
[BlackElo "2847"]
[Result "0-1"]
[Round "03"]
[TimeControl "180+1"]
[Date "2022.11.01"]
[WhiteClock "0:00:04"]
[BlackClock "0:00:09"]

1. Nf3 Nf6 2. c4 c5 3. g3 b6 4. Bg2 Bb7 5. O-O e6 6. b3 Be7 7. Bb2 O-O 8. Nc3 Nc6 9. d4 Nxd4 10. Nxd4 Bxg2 11. Kxg2 cxd4 12. Qxd4 Qc7 13. Rfd1 Rfd8 14. Rac1 Rac8 15. Ne4 Ne8 16. f3 f5 17. Nf2 Bg5 18. f4 Bf6 19. Qd2 Qb7+ 20. Kg1 d5 21. Bxf6 Nxf6 22. Qd4 Qe7 23. cxd5 Nxd5 24. Rxc8 Rxc8 25. e4 Nf6 26. exf5 exf5 27. Qe5 Qc5 28. Qxc5 Rxc5 29. Rd2 Kf7 30. Kf1 Ke6 31. Ke2 Nd5 32. Nd3 Rc7 33. Kf2 Nc3 34. Ke3 Ne4 35. Re2 g6 36. Nf2 Nc3 37. Rd2 Nd5+ 38. Kd4 Nb4 39. Re2+ Kf6 40. h3 a5 41. g4 h6 42. h4 Rc1 43. g5+ hxg5 44. hxg5+ Kf7 45. Ke5 Rf1 46. Kd4 Ra1 47. a4 Rc1 48. Rd2 Ke6 49. Re2+ Kd6 50. Rd2 Re1 51. Kc3+ Kc6 52. Nd3 Re3 53. Kc4 Re4+ 54. Kc3 Nxd3 55. Rxd3 Rxf4 56. Re3 Kd6 57. Rd3+ Ke6 58. Rd8 Rg4 59. Rb8 f4 60. Rxb6+ Kf5 61. Rb5+ Ke4 62. Rb6 f3 63. Rf6 Rf4 64. Rxf4+ Kxf4 65. Kd2 Kg3 66. b4 f2 67. bxa5 f1=Q 0-1


[Site "https://www.chess.com"]

[Event "Titled Tuesday Blitz November 01 Early 2022"]
[White "Cabezas Solano, David Alejandro"]
[Black "Volkov, Maksim"]
[WhiteFideId "6507522"]
[BlackFideId "54123070"]
[WhiteElo "2035"]
[BlackElo "2257"]
[Result "0-1"]
[Round "03"]
[TimeControl "180+1"]
[Date "2022.11.02"]
[WhiteClock "0:00:01"]
[BlackClock "0:00:48"]

1. d4 d5 2. c4 e6 3. Nf3 Nf6 4. g3 dxc4 5. Bg2 a6 6. Ne5 Bb4+ 7. Nc3 Nd5 8. Bd2 b5 9. O-O Bxc3 10. bxc3 Bb7 11. a4 O-O 12. e4 Nb6 13. axb5 axb5 14. Rxa8 Bxa8 15. Qg4 N8d7 16. Bh6 Qf6 17. Nxd7 Nxd7 18. Bg5 Qg6 19. Qh4 h6 20. Be7 Rc8 21. Ra1 Nb6 22. Ra7 Na4 23. Bb4 e5 24. d5 c5 25. dxc6 Bxc6 26. f3 Re8 27. Bh3 Bxe4 28. Rxa4 Bxf3 29. Ra1 Qb6+ 30. Kf1 Qe3 31. Re1 Qd2 32. Ra1 Qxh2 0-1


[Site "https://www.chess.com"]

[Event "Titled Tuesday Blitz November 01 Early 2022"]
[White "Celestino, Rafael Teixeira"]
[Black "Colas, Joshua"]
[WhiteFideId "2108925"]
[BlackFideId "2044447"]
[WhiteElo "2448"]
[BlackElo "2347"]
[Result "0-1"]
[Round "03"]
[TimeControl "180+1"]
[Date "2022.11.02"]
[WhiteClock "0:00:52"]
[BlackClock "0:01:29"]

1. e4 g6 2. d4 Bg7 3. Nc3 c6 4. Be3 d5 5. Qd2 dxe4 6. Nxe4 Nf6 7. Bd3 O-O 8. Bh6 Nxe4 9. Bxe4 Bxh6 10. Qxh6 Qxd4 11. Bd3 Qxb2 12. Rd1 Qg7 13. Qh4 Nd7 14. Nf3 Ne5 15. Ng5 h6 16. Ne4 Nxd3+ 17. Rxd3 Bf5 18. O-O g5 19. Qg3 Bxe4 20. Rd7 c5 21. Rxe7 Bc6 22. f3 Rfe8 23. Rc7 Rac8 24. Rd1 Rxc7 25. Qxc7 Qe5 26. Qa5 Qe3+ 27. Kh1 b6 0-1


[Site "https://www.chess.com"]

[Event "Titled Tuesday Blitz November 01 Early 2022"]
[White "Chernobay, Artem"]
[Black "Kanyamarala, Trisha"]
[WhiteFideId "4167406"]
[BlackFideId "45004722"]
[WhiteElo "2473"]
[BlackElo "2099"]
[Result "1/2-1/2"]
[Round "03"]
[TimeControl "180+1"]
[Date "2022.11.02"]
[WhiteClock "0:00:05"]
[BlackClock "0:00:03"]

1. e4 c5 2. Nf3 d6 3. d4 cxd4 4. Qxd4 a6 5. c4 Nc6 6. Qe3 Nf6 7. h3 g6 8. Be2 Bg7 9. O-O O-O 10. Nc3 b6 11. b3 Bb7 12. Bb2 Rc8 13. Rab1 Nd7 14. Rfd1 Nde5 15. Ne1 Nd7 16. Nd5 f6 17. Nf4 Bh6 18. Qg3 Nc5 19. f3 e5 20. Nd5 Ne7 21. b4 Nxd5 22. exd5 Nd7 23. Bd3 f5 24. Kh1 Bf4 25. Qf2 Qg5 26. Bc1 e4 27. Bxf4 Qxf4 28. Bf1 Ne5 29. Qxb6 Ba8 30. Be2 Nxc4 31. Bxc4 Rxc4 32. Qxa6 Rcc8 33. Qe2 Rce8 34. b5 Re5 35. b6 Bb7 36. a4 Rfe8 37. Qf1 e3 38. Qe2 Qxa4 39. Nd3 Rxd5 40. Ne1 Rxd1 41. Rxd1 d5 42. Nd3 Ba6 43. Re1 Qc4 44. Rd1 d4 45. Qb2 Rb8 46. Ne5 Qd5 47. Rxd4 Qxe5 48. Rd8+ Rxd8 49. Qxe5 e2 50. Kh2 Rd1 51. Qe6+ Kg7 52. Qe7+ Kh6 53. Qh4+ Kg7 54. Qe7+ Kh6 55. Qh4+ Kg7 56. Qe7+ 1/2-1/2


[Site "https://www.chess.com"]

[Event "Titled Tuesday Blitz November 01 Early 2022"]
[White "Chernomordik, Pavel"]
[Black "Krysa, Leandro"]
[WhiteFideId "2804530"]
[BlackFideId "116807"]
[WhiteElo "2217"]
[BlackElo "2486"]
[Result "0-1"]
[Round "03"]
[TimeControl "180+1"]
[Date "2022.11.02"]
[WhiteClock "0:00:02"]
[BlackClock "0:00:07"]

1. e4 g6 2. h4 Nf6 3. e5 Nh5 4. g4 Ng7 5. h5 gxh5 6. gxh5 d6 7. exd6 Qxd6 8. d4 Nc6 9. c3 e5 10. d5 Ne7 11. c4 Ngf5 12. Nc3 Nd4 13. Be3 Nef5 14. Qd2 Nxe3 15. fxe3 Bh6 16. O-O-O Bg4 17. Re1 O-O-O 18. Bh3 Rhg8 19. Kb1 Nf5 20. Ne4 Qb6 21. c5 Qa6 22. c6 bxc6 23. Nf6 Bxh3 24. Rxh3 Rg3 25. Rxg3 Nxg3 26. Qg2 Qd3+ 27. Ka1 Nf5 28. Qg4 cxd5 29. Nf3 Kb8 30. Nxe5 Nxe3 31. Nxd3 Nxg4 32. Nxg4 Bd2 33. Rf1 Rg8 34. Nde5 d4 35. Kb1 Bg5 36. Rxf7 Re8 37. Kc2 Bf4 38. Nc6+ Kb7 39. Nxd4 Bd6 40. Nf5 Bc5 41. Nf6 Re1 42. Nd7 Bb4 43. Kb3 Ba5 44. Nc5+ Kc6 45. Nd3 Rh1 46. Nd4+ Kb7 47. Ne6 Rh3 48. Nc5+ Kc6 49. Rxh7 Bb6 50. Kc4 Rh4+ 51. Kc3 Bxc5 52. Nxc5 Kxc5 53. Rxc7+ Kb6 54. Rh7 a5 55. b3 a4 56. b4 a3 57. Kb3 Rh3+ 58. Ka4 Ka6 59. h6 Kb6 60. Rh8 Kb7 61. h7 Ka7 62. Ka5 Kb7 63. b5 Ka7 0-1


[Site "https://www.chess.com"]

[Event "Titled Tuesday Blitz November 01 Early 2022"]
[White "Chigaev, Maksim"]
[Black "Zhu, Jiner"]
[WhiteFideId "4108116"]
[BlackFideId "8608059"]
[WhiteElo "2537"]
[BlackElo "2384"]
[Result "1-0"]
[Round "03"]
[TimeControl "180+1"]
[Date "2022.11.02"]
[WhiteClock "0:00:23"]
[BlackClock "0:01:04"]

1. Nf3 Nf6 2. c4 g6 3. Nc3 Bg7 4. e4 d6 5. d4 O-O 6. Be2 e5 7. O-O Nc6 8. d5 Ne7 9. b4 a5 10. bxa5 Rxa5 11. a4 Ne8 12. Re1 f5 13. Bd3 Nf6 14. Bd2 b6 15. Ng5 Ra8 16. Ne6 Bxe6 17. dxe6 Re8 18. Nd5 fxe4 19. Nxf6+ Bxf6 20. Bxe4 Ra7 21. a5 bxa5 22. Rxa5 Rxa5 23. Bxa5 Qc8 24. Qg4 Kg7 25. Bd2 Ng8 26. Bd5 c6 27. Bf3 Nh6 28. Qh3 Nf5 29. Be4 Qxe6 30. Bxc6 Qxc4 31. Bxe8 1-0


[Site "https://www.chess.com"]

[Event "Titled Tuesday Blitz November 01 Early 2022"]
[White "Costachi, Mihnea"]
[Black "Rosh Jain"]
[WhiteFideId "1217518"]
[BlackFideId "25789465"]
[WhiteElo "2437"]
[BlackElo "2233"]
[Result "1-0"]
[Round "03"]
[TimeControl "180+1"]
[Date "2022.11.02"]
[WhiteClock "0:00:10"]
[BlackClock "0:00:01"]

1. Nc3 e5 2. e4 Nf6 3. Bc4 Nxe4 4. Nf3 Nxc3 5. dxc3 d6 6. Nxe5 Qe7 7. f4 dxe5 8. Be2 Nc6 9. O-O Qc5+ 10. Kh1 Be7 11. fxe5 Nxe5 12. Qe1 Be6 13. Be3 Qc6 14. Qg3 Ng6 15. Rad1 O-O 16. Bf3 Qb5 17. Qxc7 Bf6 18. Bc1 Rab8 19. Rfe1 Be5 20. a4 Bxc7 21. axb5 Bb6 22. b3 Rbc8 23. c4 Rc7 24. Ba3 Re8 25. Bd6 Rd7 26. c5 Ba5 27. Rf1 Red8 28. Ra1 b6 29. Bc6 Rxd6 30. cxd6 Rxd6 31. c4 Kf8 32. c5 Rd8 33. cxb6 axb6 34. Rfb1 Bb4 35. Ra7 Bc5 36. h3 Bf5 37. Rf1 Bd3 38. Rfxf7+ Kg8 39. Rxg7+ Kh8 40. Rxh7+ Kg8 41. Rag7+ Kf8 42. Rf7+ Kg8 43. h4 Bc2 44. h5 Rd1+ 45. Kh2 Bd6+ 46. g3 Rd2+ 47. Kh3 Ne5 48. Rhg7+ Kh8 49. Rh7+ Kg8 50. Rhg7+ Kh8 51. Ra7 1-0


[Site "https://www.chess.com"]

[Event "Titled Tuesday Blitz November 01 Early 2022"]
[White "Csonka, Balazs"]
[Black "Kustar, Sandor"]
[WhiteFideId "742910"]
[BlackFideId "702900"]
[WhiteElo "2404"]
[BlackElo "2381"]
[Result "1/2-1/2"]
[Round "03"]
[TimeControl "180+1"]
[Date "2022.11.02"]
[WhiteClock "0:00:07"]
[BlackClock "0:00:06"]

1. d4 Nf6 2. c4 e6 3. Nc3 c5 4. d5 exd5 5. cxd5 d6 6. e4 g6 7. f4 Nfd7 8. Nf3 Bg7 9. Bd3 O-O 10. O-O Nb6 11. h3 N8d7 12. Re1 Nf6 13. Bc2 a6 14. Rb1 Re8 15. b3 Nh5 16. Ne2 Nf6 17. Ng3 Bd7 18. Bb2 Qc7 19. Qd2 Rac8 20. Rbc1 c4 21. Bd4 Qd8 22. Qf2 Na8 23. bxc4 Rxc4 24. Bb3 Rxc1 25. Rxc1 Nxe4 26. Nxe4 Rxe4 27. Bxg7 Kxg7 28. Nd2 Re8 29. Nc4 Bb5 30. Qd4+ Qf6 31. Qxf6+ Kxf6 32. Nxd6 Rd8 33. Nxb7 Rd7 34. Nc5 Rd8 35. a4 Be8 36. a5 Nc7 37. Ne4+ Kf5 38. Ng3+ Kxf4 39. Ne2+ Ke3 40. Rxc7 Kxe2 41. d6 Bb5 42. Re7+ Kd2 43. Rxf7 Rxd6 44. Rxh7 Kc3 45. Bf7 Kb4 46. Rg7 Bd3 47. h4 Kxa5 48. g4 Kb4 49. Kf2 a5 50. Ke3 a4 51. Bg8 a3 52. Rb7+ Bb5 53. h5 gxh5 54. gxh5 Ra6 55. Kf4 a2 56. Bxa2 Rxa2 57. h6 Rh2 58. Kg5 Kc5 59. Kg6 Bd3+ 60. Kg7 Kd5 61. Rd7+ Kc4 62. Rxd3 Kxd3 63. h7 Rxh7+ 64. Kxh7 1/2-1/2


[Site "https://www.chess.com"]

[Event "Titled Tuesday Blitz November 01 Early 2022"]
[White "D`Arruda, Ricardo D."]
[Black "Koridze, Lile"]
[WhiteFideId "100692"]
[BlackFideId "13612514"]
[WhiteElo "2461"]
[BlackElo "2050"]
[Result "1-0"]
[Round "03"]
[TimeControl "180+1"]
[Date "2022.11.02"]
[WhiteClock "0:01:22"]
[BlackClock "0:01:56"]

1. d4 Nf6 2. Nf3 d5 3. c4 e6 4. e3 Bb4+ 5. Nbd2 O-O 6. Bd3 c5 7. a3 Bxd2+ 8. Bxd2 cxd4 9. Nxd4 dxc4 10. Bxc4 Qe7 11. Bb4 Qc7 12. Bxf8 Qxc4 13. Bb4 Bd7 14. Qe2 Qd5 15. O-O Nc6 16. Nxc6 Bxc6 17. f3 h6 18. Rfd1 Qh5 19. Rac1 Nd5 20. Bd2 f5 21. Re1 Qg6 22. e4 Nf6 23. exf5 exf5 24. Bc3 Re8 25. Qf2 Rxe1+ 26. Rxe1 Nd5 27. Qg3 Qf7 28. Qe5 Bd7 29. Bd4 b6 30. Qb8+ Kh7 31. Qxa7 f4 32. Qb8 Qg6 33. Qe5 Bh3 34. Qe4 1-0


[Site "https://www.chess.com"]

[Event "Titled Tuesday Blitz November 01 Early 2022"]
[White "Darini, Pouria"]
[Black "Buscar, Michael"]
[WhiteFideId "12502200"]
[BlackFideId "2603616"]
[WhiteElo "2483"]
[BlackElo "2010"]
[Result "1-0"]
[Round "03"]
[TimeControl "180+1"]
[Date "2022.11.02"]
[WhiteClock "0:00:32"]
[BlackClock "0:00:31"]

1. e4 c5 2. Nc3 g6 3. d4 cxd4 4. Qxd4 Nf6 5. Nf3 Nc6 6. Qa4 d6 7. e5 dxe5 8. Nxe5 Qc7 9. Bf4 Qb6 10. Bb5 Bd7 11. Nxd7 Kxd7 12. O-O-O+ Kc8 13. Qc4 a6 14. Qxf7 axb5 15. Qe6+ 1-0


[Site "https://www.chess.com"]

[Event "Titled Tuesday Blitz November 01 Early 2022"]
[White "Deev, Andrei"]
[Black "Aizpurua, Patrick Emilio"]
[WhiteFideId "4102690"]
[BlackFideId "6600522"]
[WhiteElo "2327"]
[BlackElo "2378"]
[Result "0-1"]
[Round "03"]
[TimeControl "180+1"]
[Date "2022.11.02"]
[WhiteClock "0:00:04"]
[BlackClock "0:00:27"]

1. e4 e5 2. Nf3 Nf6 3. Nxe5 d6 4. Nf3 Nxe4 5. d3 Nf6 6. d4 d5 7. Bd3 Bd6 8. O-O O-O 9. h3 h6 10. c4 dxc4 11. Bxc4 Bf5 12. Nc3 Nbd7 13. a4 a5 14. Be3 Re8 15. Qb3 Re7 16. Rfd1 Nb6 17. Bd3 Bxd3 18. Rxd3 c6 19. Rad1 Nbd5 20. Bc1 Qc7 21. Qc4 Rae8 22. Nxd5 Nxd5 23. Bd2 Bb4 24. Bc3 Nf4 25. Bxb4 axb4 26. R3d2 Qd6 27. Ne5 Nd5 28. g3 Qe6 29. Kg2 Qf5 30. Qc2 Qg5 31. h4 Qf6 32. Nf3 Re3 33. Ne5 b3 34. Qc5 R8xe5 35. dxe5 Qf3+ 36. Kg1 Rxe5 37. a5 Re2 38. Rd3 Qe4 39. Rxb3 Rc2 40. Qd4 Qe2 0-1


[Site "https://www.chess.com"]

[Event "Titled Tuesday Blitz November 01 Early 2022"]
[White "Demin, Vladimir"]
[Black "Levine, David"]
[WhiteFideId "4167457"]
[BlackFideId "2011611"]
[WhiteElo "2566"]
[BlackElo "2224"]
[Result "1-0"]
[Round "03"]
[TimeControl "180+1"]
[Date "2022.11.02"]
[WhiteClock "0:00:52"]
[BlackClock "0:00:12"]

1. d4 d5 2. Nc3 Nf6 3. Bf4 a6 4. e3 Bf5 5. f3 h6 6. g4 Bh7 7. h4 e6 8. Bd3 Bxd3 9. Qxd3 Bd6 10. Nge2 Nbd7 11. O-O-O c5 12. Bxd6 c4 13. Qd2 b5 14. g5 Ng8 15. e4 Nb6 16. exd5 Qxd6 17. dxe6 O-O-O 18. exf7 Ne7 19. Ne4 Qc6 20. Qa5 Na8 21. Nf4 Nc7 22. Nc5 hxg5 23. Ne2 gxh4 24. Ne4 Ned5 25. Kb1 Rdf8 26. Qe1 Rxf7 27. Rxh4 Rxh4 28. Qxh4 Rxf3 29. Qg4+ Qe6 30. Qxf3 b4 31. Qf8+ Kb7 32. Nc5+ 1-0


[Site "https://www.chess.com"]

[Event "Titled Tuesday Blitz November 01 Early 2022"]
[White "Dimitrov, Atanas"]
[Black "Vakhania, Alexandra"]
[WhiteFideId "2901315"]
[BlackFideId "13602560"]
[WhiteElo "2786"]
[BlackElo "2053"]
[Result "0-1"]
[Round "03"]
[TimeControl "180+1"]
[Date "2022.11.02"]
[WhiteClock "0:00:38"]
[BlackClock "0:00:20"]

1. e4 c6 2. d4 d5 3. e5 g6 4. Bd3 Bg7 5. c3 Nh6 6. h4 Bf5 7. h5 Bxd3 8. Qxd3 e6 9. Nf3 Nf5 10. Bg5 f6 11. exf6 Bxf6 12. Bxf6 Qxf6 13. Nbd2 Nd7 14. O-O-O O-O-O 15. Rde1 Kb8 16. Ne5 Nxe5 17. Rxe5 gxh5 18. Rxh5 Rdg8 19. g3 h6 20. Qe2 Ng7 21. Rh4 h5 22. Rf4 Qg6 23. Nf3 Rf8 24. Nh4 Qh6 25. Ng2 Rf5 26. Rxf5 Nxf5 27. Qe5+ Kc8 28. Qxh8+ Qxh8 29. Kd2 Qg7 30. Ke2 Kd7 31. a3 Nd6 32. Ne3 Ne4 33. Rh4 Qf7 34. Rf4 Qg6 35. Ng2 Nd6 36. Ne3 Nc4 37. Nxc4 dxc4 38. Kf3 Qd3+ 39. Kg2 Qd2 40. Rf7+ Kc8 41. Rf8+ Kc7 42. Rf7+ Kb6 43. Rh7 Qxb2 44. Rxh5 Qxc3 45. Re5 Qxd4 46. Rxe6 c3 47. Re1 c2 48. Kf1 Qd3+ 49. Kg2 Qd2 50. Rd1 cxd1=Q 0-1


[Site "https://www.chess.com"]

[Event "Titled Tuesday Blitz November 01 Early 2022"]
[White "Do Nascimento,Christian Almeida"]
[Black "Horcajuelo Rocamora, Martin"]
[WhiteFideId "2143801"]
[BlackFideId "24573027"]
[WhiteElo "2079"]
[BlackElo "2094"]
[Result "0-1"]
[Round "03"]
[TimeControl "180+1"]
[Date "2022.11.02"]
[WhiteClock "0:00:12"]
[BlackClock "0:00:18"]

1. e4 e5 2. Nf3 Nc6 3. Bc4 Bc5 4. b4 Bxb4 5. c3 Ba5 6. O-O Nf6 7. d4 d6 8. dxe5 dxe5 9. Qb3 O-O 10. Ba3 Bb6 11. Bxf8 Qxf8 12. Nbd2 Bg4 13. h3 Bh5 14. Bd5 Nxd5 15. exd5 Na5 16. Qc2 Bg6 17. Qa4 Qd6 18. Nc4 Nxc4 19. Qxc4 Rd8 20. Rad1 Bh5 21. Qe4 Re8 22. Rfe1 Bg6 23. Qb4 Qf6 24. d6 e4 25. d7 Rd8 26. Rxe4 Bxe4 27. Qxe4 g6 28. Qxb7 Kg7 29. c4 Qb2 30. Qd5 Qxf2+ 31. Kh2 Qc5 32. Qe4 Qf8 33. Rd5 Bc5 34. Qe5+ f6 35. Qe6 Bd6+ 36. Kh1 Qe7 37. Qxe7+ Bxe7 38. c5 c6 39. Rd3 Bxc5 40. Rc3 Bb6 41. Rxc6 Rxd7 42. Kh2 Bc7+ 43. Kg1 Bb6+ 44. Kh2 Kf7 45. Kg3 Rd2 46. a4 Ra2 47. Rd6 Bc7 0-1


[Site "https://www.chess.com"]

[Event "Titled Tuesday Blitz November 01 Early 2022"]
[White "Dubov, Daniil"]
[Black "Azarov, Sergei"]
[WhiteFideId "24126055"]
[BlackFideId "13501470"]
[WhiteElo "2791"]
[BlackElo "2494"]
[Result "1-0"]
[Round "03"]
[TimeControl "180+1"]
[Date "2022.11.01"]
[WhiteClock "0:00:04"]
[BlackClock "0:00:02"]

1. e4 e5 2. Nf3 Nc6 3. Bc4 Bc5 4. c3 Nf6 5. d4 exd4 6. cxd4 Bb4+ 7. Nbd2 d5 8. exd5 Nxd5 9. O-O O-O 10. Ne4 Be7 11. Re1 Bf5 12. Ng3 Bg6 13. a3 Bf6 14. Bb3 Nb6 15. Be3 Re8 16. Rc1 Nd5 17. Rc5 Nce7 18. h4 b6 19. Rc1 Nxe3 20. Rxe3 Nf5 21. Rxe8+ Qxe8 22. h5 Nxg3 23. hxg6 hxg6 24. fxg3 Qe3+ 25. Kf1 Rd8 26. Rc3 Qh6 27. Kf2 c5 28. Rd3 cxd4 29. Qd2 Qh5 30. Qf4 Qc5 31. g4 g5 32. Qe4 Kf8 33. g3 Re8 34. Qd5 Qc7 35. Rd2 g6 36. Kg2 Kg7 37. Nxd4 Re3 38. Nf3 Qe7 39. Rf2 Qc7 40. Bc4 a5 41. b3 Qe7 42. a4 Qc7 43. Re2 Rxe2+ 44. Bxe2 Qc2 45. Qc4 Qb2 46. Qd3 Qa2 47. Nd2 Qb2 48. Nc4 Qa2 49. Nxb6 Qa1 50. Nc4 Bd4 51. Bf1 Qa2+ 52. Nd2 Qb2 53. Be2 Bc3 54. Ne4 Bd4 55. Kf3 Qa1 56. Nf2 Qb2 57. Ne4 f5 58. gxf5 gxf5 59. Nxg5 Kf6 60. Nh3 Qa1 61. Kg2 Qb2 62. Qf3 Ke5 63. Qf4+ Kf6 64. Qf3 Ke5 65. g4 fxg4 66. Qf4+ Ke6 67. Qxg4+ Kd6 68. Qf3 Kc5 69. Nf4 Qa1 70. Nd3+ Kd6 71. Qf4+ Ke6 72. Qe4+ Kf6 73. Qf4+ Ke7 74. Qh4+ Kd6 75. Kf3 1-0


[Site "https://www.chess.com"]

[Event "Titled Tuesday Blitz November 01 Early 2022"]
[White "Durarbayli, Vasif"]
[Black "Nakamura, Hikaru"]
[WhiteFideId "13402935"]
[BlackFideId "2016192"]
[WhiteElo "2816"]
[BlackElo "3240"]
[Result "0-1"]
[Round "03"]
[TimeControl "180+1"]
[Date "2022.11.01"]
[WhiteClock "0:00:07"]
[BlackClock "0:01:07"]

1. e4 c6 2. d4 d5 3. e5 Bf5 4. Nf3 e6 5. Be2 Nd7 6. O-O h6 7. a4 Ne7 8. a5 c5 9. dxc5 a6 10. b4 Nc6 11. b5 axb5 12. Bxb5 Rxa5 13. Na3 Bxc5 14. c4 dxc4 15. Bxc4 O-O 16. Bb2 Bg4 17. Re1 Qb6 18. Qd2 Bxf3 19. gxf3 Bb4 20. Qxd7 Bxe1 0-1


[Site "https://www.chess.com"]